 Dungeon Crawl Stone Soup version 0.24.0-37-gcf1ca852f1 (webtiles) character file.

Game seed: 17252237104328693856, levelgen mode: deterministic

118 PentaManta the Cudgeler (level 5, -1/32 HPs)
             Began as a Gargoyle Monk on Dec 6, 2019.
             Slain by a giant cockroach (2 damage)
             ... on level 3 of the Dungeon.
             The game lasted 00:05:15 (2111 turns).

PentaManta the Cudgeler (Gargoyle Monk)             Turns: 2111, Time: 00:05:15

Health: -1/32      AC:  4    Str: 16    XL:     5   Next: 2%
Magic:  5/5        EV: 13    Int: 10    God:
Gold:   69         SH:  0    Dex: 12    Spells: 4/4 levels left

rFire    . . .     SeeInvis .   (no weapon)
rCold    . . .     Gourm    .   (no shield)
rNeg     + . .     Faith    .   (no armour)
rPois    ∞         Spirit   .   (no helmet)
rElec    +         Reflect  .   (no cloak)
rCorr    .         Harm     .   (no gloves)
MR       .....                  (no boots)
Stlth    ++........             (no amulet)
HPRegen  0.10/turn              (no ring)
MPRegen  0.09/turn              (no ring)

@: no status effects
A: negative energy resistance 1, electricity resistance, unbreathing,
petrification resistance, rot immunity, AC +4
a: no special abilities


You were on level 3 of the Dungeon.
You were very hungry.

You visited 1 branch of the dungeon, and saw 3 of its levels.

You collected 69 gold pieces.

Inventory:

Hand Weapons
 a - a +0 mace
 k - a +0 dagger
Armour
 m - a +0 chain mail
 q - a +2 buckler
Scrolls
 h - a scroll of teleportation
 l - 2 scrolls of remove curse
 n - a scroll of enchant weapon {unknown}
 s - a scroll of magic mapping {unknown}
Potions
 b - a potion of brilliance {unknown}
 e - 3 potions of curing
 f - a potion of cancellation {unknown}
 g - a potion of flight {unknown}
 j - 2 potions of degeneration {unknown}
 r - a potion of haste {unknown}
Comestibles
 c - 5 rations


   Skills:
 - Level 3.2 Fighting
 * Level 4.4 Maces & Flails
 + Level 1.7 Armour
 + Level 3.2 Dodging
 - Level 2.1 Stealth


You had 4 spell levels left.
You didn't know any spells.
Your spell library was empty.

Dungeon Overview and Level Annotations

Branches:
Dungeon (3/15)

Altars:
Kikubaaqudgha


Innate Abilities, Weirdness & Mutations

You are resistant to torment.
Your stone body is resilient. (AC +4)
You are immune to poison.
You resist negative energy. (rN+)
You are resistant to electric shocks. (rElec)
You can survive without breathing.
You are immune to petrification.
You are immune to rotting.


Message History

* * * LOW HITPOINT WARNING * * *
The giant cockroach barely misses you.
The giant cockroach bites you but does no damage.
The bat hits you but does no damage.
The giant cockroach bites you but does no damage.
The bat barely misses you. The giant cockroach barely misses you.
The bat hits you but does no damage. The giant cockroach bites you.
* * * LOW HITPOINT WARNING * * *
The bat misses you. The giant cockroach closely misses you.
The giant cockroach completely misses you.
The bat hits you but does no damage. The giant cockroach bites you.
* * * LOW HITPOINT WARNING * * *
The bat hits you but does no damage. The giant cockroach barely misses you.
The bat hits you but does no damage. The giant cockroach closely misses you.
The bat closely misses you. The giant cockroach closely misses you.
The bat hits you.
* * * LOW HITPOINT WARNING * * *
The giant cockroach barely misses you. The bat hits you but does no damage.
The bat barely misses you. The giant cockroach bites you.
You die...

.... .#. #..# (# #>...
#..####.# # .... #..#.....
# ###.#. #.......# #
...#.## #.......#.## #..s#
#......)#... #..@#
#.##.#..####
#...#####.##.#..####
#..b##..............
######...##.##.......###.
##...............#..#####.
..........................
#.............)....#####.
######...##.###.#...####.
#.[....#..............


You could see a giant cockroach and a bat.

Vanquished Creatures
  Jessica (D:3)
  3 adders
  2 oozes
  A worm (D:2)
  A dart slug (D:2)
  4 giant cockroaches
  9 hobgoblins
  2 jackals (D:2)
  5 kobolds
  A ball python (D:2)
  6 bats
  A frilled lizard (D:1)
  7 goblins
  7 rats
50 creatures vanquished.

Notes
Turn   | Place    | Note
-------+----------+-------------------------------------------
     0 | D:1      | PentaManta the Gargoyle Monk began the quest for the Orb.
     0 | D:1      | Reached XP level 1. HP: 14/14 MP: 1/1
    11 | D:1      | Noticed a centaur
    59 | D:1      | Reached XP level 2. HP: 14/19 MP: 2/2
   627 | D:1      | Reached XP level 3. HP: 23/23 MP: 3/3
   836 | D:2      | Found an ancient bone altar of Kikubaaqudgha.
  1181 | D:2      | Reached skill level 1 in Armour
  1306 | D:2      | Reached XP level 4. HP: 28/28 MP: 4/4
  1409 | D:2      | Reached skill level 4 in Maces & Flails
  1844 | D:3      | Noticed Jessica
  1852 | D:3      | Killed Jessica
  1852 | D:3      | Reached XP level 5. HP: 19/32 MP: 5/5
  2106 | D:3      | HP: 1/32 [giant cockroach (1)]
  2111 | D:3      | Slain by a giant cockroach

Levels and vault maps discovered:
D:1:      evilmike_arrival_come_back, layout_loops_ring
D:2:      layout_basic, lemuel_crystal_altar, first_ration,
          chequers_serial_rivers_room_a
D:3:      layout_loops_cross, uniq_jessica

Skill      XL: |  1  2  3  4 |
---------------+-------------+-----
Dodging        | 3 |  3.2
Armour         | 1 |  1.7
Maces & Flails | 4 |  4.4
Fighting       | |  3.2
Stealth        | |  2.1

Action                   |  1- 3 |  4- 6 || total
-------------------------+-------+-------++-------
Melee: Mace              |    80 |       ||    80
       Flail             |    30 |    90 ||   120
  Use: Scroll            |       |     4 ||     4
 Stab: Sleeping          |     1 |       ||     1
  Eat: Chunk             |     1 |     2 ||     3
Armor: Robe              |     7 |       ||     7
       Ring mail         |    27 |       ||    27
       Chain mail        |    15 |   107 ||   122
       Skin              |       |    79 ||    79
Dodge: Dodged            |    68 |   237 ||   305
Block: Buckler           |       |    35 ||    35
